AoeStats
← t_ttieshotsonly

Black Forest

510438310Analyzed
4v4 RM · 2d ago on Oct 1, 2026· 58m 2s· 8 players
Game mode
Random Map
Map size
Large (8 player)
Population
200
Speed
Normal
Resources
Standard
Victory
Conquest
Starting age
Dark Age
Ending age
Imperial Age
RankedLock teamsTeams togetherTeam positionsShared explorationLock speedFull tech treeHidden civsTurbo modeCheats
Victory
Defeat
🇨🇱 Turks · Chile
936
+12
🇲🇽 Bohemians · Mexico
854
+16
🇪🇸 Turks · Spain
854
+16
🇹🇼 Celts · Taiwan
840
+16
🇺🇸 Khmer · United States
897
-17
🇺🇸 Portuguese · United States
846
-15
🇺🇸 Mongols · United States
822
-14
🇺🇸 Aztecs · United States
820
-14
SER
5:25 Loom
10:55 Feudal Age
10:56 Man-at-Arms
11:24 Double-Bit Axe
15:55 Forging
16:08 Town Watch
16:15 Arson
20:37 Fishing Lines
28:00 Castle Age
28:54 Bow Saw
28:45 Gillnets
30:20 Fletching
30:58 Bodkin Arrow
32:25 Wheelbarrow
31:51 Town Patrol
37:45 Imperial Age
37:12 Ballistics
38:35 Bracer
39:36 Chemistry
40:09 Conscription
39:58 Siege Engineers
41:00 Hand Cart
44:20 Elite Hussite Wagon
45:27 Wagenburg Tactics
47:21 Two-Man Saw
46:44 Bombard Tower
48:05 Scale Mail Armor
48:40 Iron Casting
47:27 Pikeman
50:30 Halberdier
51:26 Chain Mail Armor
52:12 Blast Furnace
53:32 Plate Mail Armor
53:04 Squires
57:38 Houfnice
Carapenev420
1:55 Loom
15:01 Feudal Age
20:29 Castle Age
19:08 Double-Bit Axe
19:08 Horse Collar
22:52 Wheelbarrow
28:17 Town Watch
28:51 Hand Cart
31:31 Town Patrol
32:07 Gold Mining
32:10 Stone Mining
34:27 Gold Shaft Mining
37:25 Imperial Age
36:46 Padded Archer Armor
36:57 Forging
36:37 Fletching
36:46 Murder Holes
37:20 Bow Saw
38:12 Scale Mail Armor
38:21 Scale Barding Armor
38:32 Leather Archer Armor
38:54 Iron Casting
38:46 Ballistics
39:00 Heavy Plow
39:36 Elite Janissary
43:26 Bloodlines
43:16 Husbandry
44:42 Chain Barding Armor
44:54 Ring Archer Armor
48:59 Two-Man Saw
49:43 Caravan
50:44 Conscription
51:06 Heavy Scorpion
54:00 Heavy Camel Rider
55:58 Bodkin Arrow
57:01 Plate Barding Armor
57:28 Blast Furnace
@_@
12:50 Feudal Age
14:12 Loom
16:49 Castle Age
14:52 Double-Bit Axe
16:45 Wheelbarrow
16:39 Horse Collar
18:07 Heavy Plow
19:14 Bow Saw
19:53 Fishing Lines
22:39 Gillnets
24:08 Hand Cart
24:06 Gold Mining
24:53 Town Watch
26:01 Gold Shaft Mining
25:56 Stone Mining
31:30 Imperial Age
29:42 Stone Shaft Mining
31:01 Fortified Wall
31:03 Masonry
32:06 Heavy Scorpion
32:53 Padded Archer Armor
32:43 Fletching
32:59 Scale Barding Armor
32:30 Onager
34:14 Chemistry
33:35 Ballistics
33:50 Leather Archer Armor
33:46 Forging
33:33 Siege Onager
35:02 Town Patrol
35:30 Chain Barding Armor
35:07 Bodkin Arrow
35:12 Murder Holes
35:23 Siege Engineers
35:09 Guard Tower
35:42 Conscription
36:08 Furor Celtica
37:26 Ring Archer Armor
37:32 Iron Casting
36:58 Scale Mail Armor
36:47 Arrowslits
40:29 Husbandry
39:51 Cavalier
40:58 Paladin
44:02 Blast Furnace
43:17 Chain Mail Armor
53:37 Caravan
Hindues
0:57 Loom
13:13 Feudal Age
18:27 Castle Age
18:28 Double-Bit Axe
18:36 Gold Mining
23:55 Imperial Age
21:45 Padded Archer Armor
t_ttieshotsonly
14:27 Feudal Age
21:00 Horse Collar
23:41 Castle Age
24:45 Double-Bit Axe
29:34 Loom
29:25 Elite Skirmisher
29:31 Eagle Warrior
30:25 Arson
36:05 Pikeman
36:46 Squires
36:32 Gambesons
38:42 Heavy Plow
42:35 Imperial Age
47:54 Wheelbarrow
50:12 Hand Cart
50:22 Garland Wars
50:34 Squires
52:10 Conscription
52:13 Town Watch
51:57 Crossbowman
58:40 Chemistry
58:04 Ballistics
CuddlingPenguin
1:03 Loom
15:46 Feudal Age
19:33 Castle Age
18:04 Gold Mining
18:01 Double-Bit Axe
24:00 Imperial Age
21:47 Horse Collar
22:32 Stone Mining
26:27 Chemistry
26:03 Bow Saw
27:45 Fortified Wall
27:52 Fletching
33:44 Bodkin Arrow
33:49 Padded Archer Armor
34:30 Conscription
34:06 Elite Skirmisher
35:47 Caravan
36:28 Arquebus
37:43 Bloodlines
37:34 Husbandry
38:01 Ballistics
38:03 Leather Archer Armor
37:56 Pikeman
38:43 Light Cavalry
39:16 Cavalier
40:00 Bracer
40:30 Ring Archer Armor
40:06 Scale Barding Armor
40:59 Heavy Plow
42:02 Two-Man Saw
40:52 Man-at-Arms
41:17 Gambesons
41:00 Halberdier
41:29 Long Swordsman
43:06 Two-Handed Swordsman
44:31 Champion
49:08 Siege Engineers
49:49 Chain Barding Armor
49:39 Forging
49:37 Scale Mail Armor
49:52 Forging
Dilldozer101
11:23 Feudal Age
15:35 Castle Age
15:13 Fletching
17:38 Double-Bit Axe
17:41 Horse Collar
20:47 Wheelbarrow
22:30 Bow Saw
24:26 Bodkin Arrow
24:32 Padded Archer Armor
24:54 Gold Mining
25:01 Stone Mining
25:59 Thumb Ring
26:23 Pikeman
27:23 Leather Archer Armor
29:00 Elite Skirmisher
29:55 Fishing Lines
31:28 Forging
31:23 Scale Barding Armor
34:57 Imperial Age
32:47 Husbandry
33:03 Bloodlines
33:33 Iron Casting
33:19 Chain Barding Armor
36:11 Hand Cart
35:43 Loom
35:47 Elite Mangudai
35:51 Heavy Scorpion
36:56 Caravan
39:33 Conscription
40:31 Blast Furnace
39:31 Bracer
43:42 Onager
44:02 Elite Steppe Lancer
44:03 Light Cavalry
48:52 Drill
49:37 Town Watch
50:01 Hussar
54:05 Siege Onager
Hippochamp511
13:07 Feudal Age
16:25 Castle Age
14:23 Fishing Lines
15:43 Bloodlines
22:44 Double-Bit Axe
24:40 Bow Saw
24:11 Horse Collar
25:53 Wheelbarrow
25:25 Gillnets
25:38 Heavy Plow
27:05 Hand Cart
26:36 Town Watch
26:36 Loom
27:39 Gold Mining
28:32 Scale Barding Armor
28:37 Forging
28:30 Husbandry
30:04 Chain Barding Armor
30:20 Iron Casting
32:40 Iron Casting
33:54 Gold Shaft Mining
33:11 Stone Mining
36:48 Imperial Age
38:01 Elite Battle Elephant
38:49 Cavalier
39:41 Cavalier
40:06 Cavalier
42:09 Plate Barding Armor
42:34 Blast Furnace
41:59 Cavalier
49:51 Caravan
51:29 Fervor
Connection lost

Rejoining the realm…

Still unreachable

The connection could not be restored.

Session expired

The server has moved on; the page needs a fresh start.